Map: Catalyst LE

Players

CaptainSqrt

  • Race: Terran Terran
  • League: Platinum
  • Spawn Location: 11:00

axu - Winner!

  • Race: Protoss Protoss
  • League: Platinum
  • Spawn Location: 5:00

VOD

Have the link to the VOD?

Description

Time

  • Played on: May 14, 2018, 2 p.m.
  • Length: 17:48
Show
View Real Time Build Order
Export as new Build Order

CaptainSqrt Terran 

Build Orders: MMM Bio 

Get SALT Encoding   

  12  0:01  SCV  
  13  0:13  SCV  
  14  0:18  Supply Depot  
  14  0:25  SCV  
  15  0:30  Refinery  
  15  0:40  SCV  
  16  0:46  Barracks  
  16  0:52  SCV  
  17  1:07  Barracks  
  17  1:10  SCV  
  18  1:19  Barracks  
  18  1:23  SCV  
  19  1:35  Supply Depot  
  19  1:47  Barracks Tech Lab  
  19  1:50  SCV  
  20  1:57  Marine  
  21  2:07  Stimpack, Marine  
  22  2:10  Marauder  
  22  2:12  SCV  
  25  2:17  Marine  
  26  2:24  Marine  
  26  2:25  Supply Depot  
  27  2:32  Marauder  
  29  2:39  Marine  
  29  2:42  Marine  
  31  2:53  Marauder  
  31  2:54  Supply Depot  
  31  2:55  SCV  
  34  2:59  Marine  
  34  3:01  Marine  
  36  3:17  Marauder, Marine  
  36  3:19  Marine  
  40  3:22  Supply Depot  
  40  3:30  Orbital Command  
  40  3:35  Marine  
  40  3:40  Marauder  
  43  3:43  Marine  
  44  4:04  Barracks Reactor  
  44  4:05  Barracks Reactor  
  44  4:10  Engineering Bay  
  44  4:13  Factory  
  44  4:17  Refinery  
  44  4:34  Concussive Shells  
  44  4:35  SCV  
  23  5:17  Marine  
  23  5:18  Marauder, Marine x3  
  23  5:21  Command Center, SCV  
  29  5:25  Factory Tech Lab  
  29  5:38  Marine  
  29  5:39  Marauder  
  32  5:47  Siege Tank  
  35  5:51  SCV  
  35  5:56  Marine x2  
  38  6:03  Marauder  
  40  6:08  SCV  
  35  6:38  Marauder, Marine x4  
  35  6:39  SCV  
  38  6:42  Refinery, Siege Tank, SCV  
  42  6:51  SCV  
  33  7:04  Marauder, Marine  
  33  7:05  Marine x3  
  33  7:07  SCV  
  40  7:14  Siege Tank  
  43  7:16  Combat Shields  
  43  7:22  Marine x2  
  43  7:23  Marine x2  
  47  7:30  Supply Depot  
  47  7:36  SCV  
  47  7:48  SCV  
  48  8:00  SCV  
  45  8:23  Marauder, Marine x2  
  45  8:24  Marine x2, SCV  
  52  8:27  Siege Tank  
  52  8:30  Starport  
  55  8:35  Starport  
  55  8:37  Orbital Command  
  55  8:39  SCV  
  56  8:42  Marine  
  56  8:43  Marine  
  56  8:44  Marine x2  
  60  9:00  Missile Turret  
  60  9:06  SCV  
  61  9:10  Refinery  
  61  9:11  Marine x2  
  61  9:13  SCV  
  64  9:18  SCV  
  64  9:19  Marine x2  
  64  9:22  Missile Turret  
  67  9:26  SCV  
  67  9:27  Medivac x2  
  72  9:33  Marauder, Marine x2  
  72  9:38  SCV  
  54  10:28  Marauder, Marine x2  
  54  10:29  Marine x2  
  54  10:30  Siege Tank  
  61  10:46  Marine x2, SCV  
  61  10:47  Marine x2  
  68  10:50  Marauder  
  68  10:52  Terran Infantry Weapons Level 1  
  68  10:53  Medivac x2  
  72  10:58  SCV  
  73  11:10  SCV  
  73  11:11  Marine x4  
  74  11:13  Siege Tank  
  74  11:15  SCV  
  82  11:22  SCV  
  83  11:27  SCV  
  83  11:29  Marine x2  
  86  11:35  Supply Depot  
  86  11:39  Missile Turret  
  86  11:43  Marine x2, SCV  
  86  11:47  Marine x2  
  91  11:59  Supply Depot  
  91  12:00  Marine x2, Missile Turret  
  93  12:04  Marine x2  
  95  12:15  SCV  
  86  12:18  Marine x2  
  86  12:22  Marine x2  
  91  12:30  SCV  
  91  12:31  Marauder  
  91  12:33  Siege Tank  
  91  12:35  Medivac x2  
  91  12:36  Marine  
  101  12:37  Factory  
  101  12:40  Marine  
  101  12:42  SCV  
  103  12:47  Liberator  
  103  12:51  Liberator  
  103  12:53  Marauder  
  103  12:57  Command Center  
  108  13:14  Marauder  
  110  13:20  Marine x4  
  110  13:21  Siege Tank  
  110  13:22  Supply Depot  
  110  13:25  Factory Reactor, Factory  
  116  13:38  Marine x2  
  118  13:43  Marine x2  
  118  13:44  Supply Depot  
  118  13:48  SCV  
  121  13:52  Starport Reactor  
  121  13:53  Starport Tech Lab  
  121  13:55  Siege Tank  
  123  13:56  Marauder, Marine  
  126  14:05  Marine x2  
  126  14:08  Supply Depot  
  128  14:18  Marauder  
  128  14:20  Marine x2  
  128  14:23  Marine x2, SCV  
  135  14:30  Supply Depot, Missile Turret  
  134  14:35  Refinery  
  119  14:56  Marauder  
  119  14:58  Medivac x2  
  128  15:11  Command Center  
  126  15:17  Marauder  
  126  15:18  Raven  
  127  15:21  Cyclone x2  
  132  16:21  Command Center  
  132  16:45  Missile Turret  
  132  16:49  Missile Turret  
  132  16:53  Missile Turret  
  131  17:05  Cyclone  
Show
View Real Time Build Order
Export as new Build Order

axu Protoss - Winner!

Build Orders: 1 Gate Expand 

Get SALT Encoding   

  12  0:00  Probe  
  13  0:13  Probe  
  14  0:17  Pylon  
  14  0:25  Probe  
  15  0:37  Probe  
  15  0:39  Gateway  
  16  0:49  Probe  
  17  0:58  Probe  
  17  1:00  Assimilator  
  18  1:06  Probe  
  19  1:16  Probe  
  20  1:27  Nexus  
  20  1:35  Cybernetics Core  
  19  1:42  Probe  
  20  1:49  Assimilator  
  20  1:54  Probe  
  21  2:02  Pylon  
  21  2:06  Probe  
  22  2:16  Stalker  
  22  2:19  Probe  
  22  2:20  Warp Gate  
  25  2:31  Probe  
  26  2:40  Stalker  
  26  2:43  Gateway  
  25  2:50  Shield Battery  
  27  3:05  Robotics Facility  
  27  3:10  Gateway  
  27  3:22  Stalker  
  29  3:29  Probe  
  29  3:30  Probe  
  29  3:32  Stalker  
  33  3:41  Probe  
  33  3:42  Probe  
  35  3:50  Pylon  
  35  3:54  Probe x2  
  35  3:55  Stalker  
  39  4:04  Immortal  
  43  4:17  Shield Battery  
  43  4:20  Pylon  
  43  4:36  Immortal  
  43  4:38  Pylon  
  41  5:01  Stalker x2  
  37  5:15  Observer  
  38  5:31  Stalker x2  
  42  5:45  Pylon  
  42  5:48  Probe x2  
  42  5:49  Pylon  
  44  5:55  Stalker  
  46  6:03  Probe x2  
  48  6:14  Twilight Council  
  48  6:17  Pylon  
  46  6:39  Stalker  
  48  6:40  Stalker x2  
  48  6:44  Pylon  
  48  6:46  Pylon  
  52  6:52  Gateway  
  52  6:53  Gateway  
  52  6:55  Gateway  
  52  7:00  Blink  
  48  7:05  Stalker x3  
  54  7:17  Probe x2  
  56  7:29  Probe x2  
  58  7:39  Assimilator  
  58  7:40  Assimilator  
  58  7:41  Probe  
  55  7:52  Probe x2  
  55  7:54  Pylon  
  55  7:57  Pylon  
  57  7:59  Immortal  
  57  8:00  Probe x2  
  53  8:18  Stalker x2  
  53  8:19  Stalker  
  59  8:39  Probe, Nexus  
  59  8:40  Probe  
  61  8:42  Zealot x5  
  61  8:45  Zealot  
  61  8:47  Charge  
  73  9:00  Forge  
  73  9:02  Forge  
  73  9:12  Immortal  
  77  9:22  Pylon  
  77  9:26  Pylon  
  77  9:30  Templar Archives  
  77  9:38  Stalker x3  
  79  9:39  Stalker  
  79  9:40  Zealot  
  79  9:44  Zealot  
  69  10:28  Probe  
  69  10:29  Probe x2  
  69  10:32  Shield Battery  
  69  10:34  Shield Battery  
  72  10:37  Shield Battery, High Templar  
  72  10:38  Protoss Ground Armor Level 1, High Templar x5, Protoss Ground Weapons Level 1  
  72  10:39  Assimilator  
  72  10:40  Immortal  
  72  10:41  Archon, Probe x3  
  72  10:42  Archon x2  
  91  10:43  Assimilator  
  91  10:49  Psionic Storm  
  91  10:53  Probe x3  
  94  11:08  Probe x2  
  95  11:11  Probe  
  95  11:16  Probe  
  97  11:19  Zealot x6  
  97  11:23  Probe  
  111  11:27  Immortal  
  115  11:41  High Templar  
  115  11:42  High Templar x2  
  121  11:51  Stalker  
  121  11:52  Stalker  
  120  11:56  Zealot  
  116  12:06  Warp Prism  
  109  12:17  Probe  
  109  12:18  Probe x2  
  113  12:30  Probe x3  
  113  12:33  High Templar x3  
  113  12:34  High Templar  
  113  12:35  Zealot  
  125  12:37  Archon x2  
  125  12:45  Pylon  
  125  12:46  Protoss Ground Weapons Level 2  
  125  12:47  Pylon  
  125  12:49  Pylon  
  125  12:52  Pylon  
  125  12:58  Probe  
  125  13:00  Probe x2  
  118  13:12  Probe  
  119  13:20  Probe x2  
  119  13:24  Probe  
  122  13:32  Probe x2  
  124  13:36  Immortal  
  124  13:37  Protoss Ground Armor Level 2  
  128  13:44  Probe x3  
  131  13:56  Probe  
  132  14:22  Probe x3  
  135  14:34  Probe x2  
  135  14:35  Probe  
  134  14:55  High Templar x3  
  134  14:56  High Templar x3  
  146  15:04  Gateway, Protoss Ground Weapons Level 3  
  146  15:06  Gateway  
  146  15:08  Gateway  
  146  15:11  Gateway  
  146  15:12  Gateway  
  146  15:13  Gateway  
  146  15:17  Gateway  
  146  15:18  Gateway  
  146  15:24  Stargate  
  146  15:27  Nexus  
  146  15:30  Pylon  
  146  15:31  Immortal  
  146  15:33  Pylon  
  150  15:36  Pylon  
  150  15:38  Zealot  
  150  15:39  Zealot x3  
  157  15:43  Protoss Shields Level 1  
  157  16:15  Archon x2  
  156  16:37  Nexus  
  156  16:41  Pylon  
  156  16:43  Pylon  
  156  16:45  Pylon  
  156  17:05  Zealot x4  
  156  17:06  Zealot x4  
Tags
 
Composition
MMM Bio
Matchup
PvT
Spawn Locations
Cross Positions
Add a new tag
Caveats
  • Supply blocks, unpowered buildings, or Contaminate may cause inaccurate times.
  • Supply counts are checked every 10 seconds.